 Dungeon Crawl Stone Soup version 0.29.1-15-g9cfb28693d (webtiles) character file.

Game seed: 11421676041537653013

46 Heoruswealwe the Magician (level 3, -1/19 HPs)
             Began as a Deep Elf Earth Elementalist on Apr 12, 2023.
             Slain by a gnoll
             ... wielding a +0 halberd
              (5 damage)
             ... on level 2 of the Dungeon.
             The game lasted 00:07:09 (805 turns).

Heoruswealwe the Magician (DEEE)                     Turns: 805, Time: 00:07:10

Health: -1/19      AC:  2    Str:  5    XL:     3   Next: 44%
Magic:  1/10       EV: 12    Int: 21    God:
Gold:   74         SH:  0    Dex: 15    Spells: 7/10 levels left

rFire   . . .      SeeInvis .   c - +1 short sword (venom)
rCold   + . .      Faith    .   (no shield)
rNeg    . . .      Spirit   .   a - +0 robe
rPois   .          Reflect  .   (no helmet)
rElec   .          Harm     .   (no cloak)
rCorr   .          Rampage  .   (no gloves)
Will    .....                   (no boots)
Stlth   ++........              (no amulet)
HPRegen 0.06/turn               l - ring of protection from cold
MPRegen 0.12/turn               (no ring)

@: no status effects
A: no striking features
a: no special abilities


You were on level 2 of the Dungeon.
You visited 1 branch of the dungeon, and saw 2 of its levels.

You collected 74 gold pieces.

Inventory:

Hand Weapons
 c - a +1 short sword of venom (weapon)
Armour
 a - a +0 robe (worn)
 h - a +0 robe
Jewellery
 l - a ring of protection from cold (left hand)
Scrolls
 d - 2 scrolls of fear {unknown}
 g - a scroll of fog {unknown}
 j - a scroll of magic mapping {unknown}
Potions
 b - a potion of magic
 e - a potion of berserk rage {unknown}
 f - a potion of mutation {unknown}
 i - a potion of might {unknown}
 k - a potion of curing {unknown}


   Skills:
 - Level 2.4 Dodging
 - Level 2.4 Stealth
 + Level 4.3 Spellcasting
 - Level 1.1 Transmutations
 + Level 4.2 Earth Magic


You had 7 spell levels left.
You knew the following spells:

 Your Spells              Type           Power      Damage    Failure   Level
a - Sandblast             Erth           44%        2d11      1%          1
z - Passwall              Tmut/Erth      12%        N/A       6%          2

Your spell library contained the following spells:

 Spells                   Type           Power      Damage    Failure   Level
 Stone Arrow              Conj/Erth      26%        3d8       14%         3
 Petrify                  Tmut/Erth      15%        N/A       36%         4


Dungeon Overview and Level Annotations

Branches:
Dungeon (2/15)

Altars:
Wu Jian


Message History

The gnoll shouts!
A gnoll comes into view. It is wielding a +0 halberd.
A goblin comes into view. It is wielding a +0 dagger.
A gnoll comes into view. It is wielding a +0 club.
The blast of sand hits the gnoll!
The gnoll is almost dead.
The gnoll shouts! x2
The blast of sand hits the gnoll!
You kill the gnoll!
The gnoll throws a throwing net.
The throwing net misses you.
You have reached level 3!
Your experience leads to an increase in your attributes!
Increase (S)trength, (I)ntelligence, or (D)exterity?
You feel clever. x2
The blast of sand hits the gnoll.
The gnoll is moderately wounded.
The blast of sand hits the gnoll!
The gnoll is almost dead.
The gnoll barely misses you. The gnoll hits you with a +0 whip.
The blast of sand hits the gnoll!
You kill the gnoll!
The blast of sand hits the gnoll.
The gnoll is lightly wounded.
The gnoll barely misses you. The gnoll misses you.
The gnoll hits you from afar with a +0 halberd.
The blast of sand hits the gnoll.
The gnoll is heavily wounded.
The gnoll barely misses you.
The gnoll hits you from afar with a +0 halberd!
* * * LOW HITPOINT WARNING * * *
Casting: Sandblast (safe; 1% risk of failure)
Confirm with . or Enter, or press ? or * to list all spells.
Aiming: Sandblast (safe; 1% risk of failure)
Press: ? - help, Shift-Dir - straight line, f/p - gnoll
Aim: a gnoll, wielding a +0 club (heavily wounded, 85% to hit)
The blast of sand misses the gnoll.
The blast of sand hits the gnoll but does no damage.
The gnoll closely misses you.
The gnoll hits you from afar with a +0 halberd.
You die...

# #.##.###.# #.#...##.#
#.#...##.# # #.#...##.#
## #.##.###.# .##
#.##.###.# ..##
#.<......# #
...####....#########....
..)'.......(....@ggg....
...####....#########....
..## ##.#.# # .####
###.# ....# #.# ###.#
#.# ###.# #.#
..#.######.#
...........#


You could see 2 gnolls and a goblin.

Vanquished Creatures
  2 gnolls (D:2)
  3 dart slugs (D:1)
  3 ball pythons
  An endoplasm (D:1)
  A giant cockroach (D:1)
  2 goblins (D:1)
  2 hobgoblins (D:1)
  A quokka (D:1)
  A frilled lizard (D:1)
  2 kobolds
  4 rats (D:1)
22 creatures vanquished.

Notes
Turn   | Place    | Note
-------+----------+-------------------------------------------
     0 | D:1      | Heoruswealwe the Deep Elf Earth Elementalist began the
                  | quest for the Orb.
     0 | D:1      | Reached XP level 1. HP: 10/10 MP: 6/6
   154 | D:1      | Reached XP level 2. HP: 11/15 MP: 4/8
   159 | D:1      | Learned a level 2 spell: Passwall
   704 | D:2      | Found an ornate altar of the Wu Jian Council.
   800 | D:2      | Reached XP level 3. HP: 19/19 MP: 6/10
   805 | D:2      | Slain by a gnoll

Illustrated notes

Levels and vault maps discovered:
D:1:      minmay_arrival_four_houses, layout_loops_cross
D:2:      layout_loops_corners, basic_altar, minmay_pentomino_q2

Skill      XL: |  1  2 |
---------------+-------+-----
Spellcasting   | 4 |  4.3
Earth Magic    | 4 |  4.2
Dodging        | |  2.4
Stealth        | |  2.4
Transmutations | |  1.1

Action                   || total
-------------------------++-------
Melee: Short sword       ||     1
 Cast: Sandblast         ||    31
Dodge: Dodged            ||     6
